[Event "*** SCC Grand Prix: Titled Tuesday Blitz"]
[Site "Chess.com"]
[Date "2020.07.07"]
[Round "4"]
[White "druskacik"]
[Black "FairChess_on_YouTube"]
[Result "1/2-1/2"]
[WhiteElo "2580"]
[BlackElo "2986"]
[TimeControl "180+1"]
[EndTime "10:40:34 PDT"]
[Termination "Game drawn by repetition"]

1. e4 c5 2. Nf3 e6 3. d4 cxd4 4. Nxd4 Nc6 5. Nc3 Qc7 6. g3 a6 7.
Bg2 Nge7 8. Bf4 e5 9. Nxc6 dxc6 10. Be3 b5 11. a4 b4 12. Nb1 a5 13. O-O Ba6 14.
Re1 Rd8 15. Qc1 c5 16. c3 Nc6 17. Nd2 Be7 18. Bf1 Bb7 19. Qc2 O-O 20. Rad1 bxc3 21.
bxc3 Qc8 22. Nb3 h5 23. Bc4 h4 24. Bd5 hxg3 25. hxg3 Qh3 26. Nxc5 Rd6 27. Nxb7 Rg6 28. Qe2 Bh4 29. Qh5 Ne7 30. Bxf7+ Kxf7 31. Nd6+ Kg8 32.
Nf5 Rxf5 33. exf5 Rxg3+ 34. fxg3 Qxg3+ 35. Kf1 Qh3+ 36. Ke2 Qg2+ 37. Kd3 Qd5+ 38. Bd4 exd4 39. Qe8+ Kh7 40. Qh5+ Kg8 41. Qxh4 Qf3+ 42. Kc2 Qxc3+ 43. Kb1 Qb3+ 44. Kc1 Qc3+ 45. Kb1 Qb3+ 46. Kc1 Qc3+ 47. Kb1 1/2-1/2

[Event "*** SCC Grand Prix: Titled Tuesday Blitz"]
[Site "Chess.com"]
[Date "2020.07.07"]
[Round "4"]
[White "FabianoCaruana"]
[Black "S2PAc"]
[Result "1-0"]
[WhiteElo "2980"]
[BlackElo "2769"]
[TimeControl "180+1"]
[EndTime "10:40:35 PDT"]
[Termination "FabianoCaruana won by resignation"]

1. e4 e6 2. d4 d5 3. Nc3 Bb4 4. exd5 exd5 5. Bd3 Nf6 6. Ne2 O-O 7. O-O Nbd7 8. Bg5 c6 9. f3 h6 10. Bh4 Re8 11. Qd2 Bd6 12. Rae1 Nf8 13. Bg3 Ng6 14. Bxg6 fxg6 15. Nc1 Bf5 16. Nd3 Bxd3 17. Qxd3 Bxg3 18. hxg3 Qd6 19. Qxg6 Qb4 20. Qd3 Rxe1 21.
Rxe1 Qxb2 22. Rb1 Qa3 23. Nxd5 Qxd3 24. Nxf6+ gxf6 25. cxd3 Rd8 26. Rxb7 Rxd4 27. Rb3 Ra4 28. a3 Kf7 29. Kf2 Ke6 30. Ke3 Kd5 31. g4 a5 32.
Rc3 c5 33. Rb3 Kc6 34. g3 Kd6 35. Rb6+ Ke7 36. Rb3 Kd6 37. f4 Ke7 38. Kd2 c4 39. dxc4 Rxc4 40. Rc3 Rd4+ 41. Kc2 Re4 42. Kd2 Rd4+ 43.
Ke3 Ra4 44. Kf3 Kf8 45. Kg2 Kg7 46. Kh3 Kg6 47. Kh4 Rd4 48. Rc7 f5 49. Rc6+ Kg7 50. gxf5 Rd3 51. a4 Ra3 52. Rc4 Kh7 53. Kg4 Kg7 54.
Rd4 Kf7 55. Rd6 Kg7 56. Rg6+ Kh7 57. Kh5 Rxa4 58. Rxh6+ Kg7 59. Kg5 Ra1 60. f6+ 1-0

[Event "*** SCC Grand Prix: Titled Tuesday Blitz"]
[Site "Chess.com"]
[Date "2020.07.07"]
[Round "4"]
[White "bazar-wokzal"]
[Black "vesalhamedinia"]
[Result "0-1"]
[WhiteElo "2396"]
[BlackElo "2221"]
[TimeControl "180+1"]
[EndTime "10:40:36 PDT"]
[Termination "vesalhamedinia won by resignation"]

1. e4 c5 2. c3 d5 3. exd5 Qxd5 4. d4 e6 5. a3 Nc6 6. Nf3 Nf6 7. Be3 cxd4 8. cxd4 Be7 9. Nc3 Qd6 10. Bd3 O-O 11.
Qc2 Bd7 12. O-O Rfd8 13. b4 Be8 14. Rad1 Rac8 15. Qd2 Qb8 16. Bb1 Nd5 17. Ne4 f5 18. Neg5 Qd6 19. Qd3 Bg6 20. Bc1 Bf6 21. Rfe1 Re8 22.
Ba2 h6 23. Nh3 Nce7 24. Ne5 Bh7 25. Nf4 g5 26. Nxe6 Qxe6 27. Ng4 Qd6 28. Rxe7 Rxe7 29. Bxd5+ Kg7 30. Nxf6 Qxf6 31. Bb2 f4 32. Qb3 Rce8 33. h4 Re1+ 34. Rxe1 Rxe1+ 35. Kh2 f3 36. Qxf3 Qd6+ 37. g3 gxh4 38. Bxb7 hxg3+ 39. Kg2 gxf2 40. d5+ Kg8 41. Qxf2 Be4+ 42. Kh3 Rh1+ 43. Kg4 h5+ 44. Kg5 Qg6+ 45. Kf4 Qf5+ 46. Ke3 Rh3+ 47. Ke2 Bd3+ 48. Ke1 Rh1+ 49. Kd2 Qxf2+ 50. Kxd3 Qxb2 0-1

[Event "*** SCC Grand Prix: Titled Tuesday Blitz"]
[Site "Chess.com"]
[Date "2020.07.07"]
[Round "4"]
[White "Forantes"]
[Black "Herracek"]
[Result "1-0"]
[WhiteElo "2352"]
[BlackElo "2580"]
[TimeControl "180+1"]
[EndTime "10:40:38 PDT"]
[Termination "Forantes won by checkmate"]

1. Nf3 c5 2. g3 Nc6 3. d4 cxd4 4.
Nxd4 g6 5. Bg2 Bg7 6. Nb3 a5 7. a4 d6 8. O-O Be6 9. Nc3 Qd7 10. Nd5 Bxd5 11. Qxd5 Nf6 12. Qb5 O-O 13. c3 Rfc8 14. Be3 Ng4 15. Bb6 Nge5 16. Nxa5 Nxa5 17. Bxa5 Qg4 18.
Bxb7 Rab8 19. Bxc8 Qxc8 20. Bb6 Qh3 21. f3 Bh6 22.
Qa6 Nd7 23. Bf2 Rxb2 24. Qc8+ Kg7 25. a5 Rxe2 26. a6 Be3 27. a7 Bxf2+ 28. Rxf2 Rxf2 29. Kxf2 Qxh2+ 30. Ke3 Qxg3 31. a8=Q Qe5+ 32. Qe4 Qg5+ 33. Qf4 Qb5 34. Qd4+ Ne5 35. f4 f6 36. fxe5 fxe5 37. Qdc4 Qb6+ 38. Ke2 Qb2+ 39. Kd3 Qxa1 40. Q8g8+ Kf6 41.
Qh4+ g5 42. Qh6+ Kf5 43. Qf7+ Kg4 44. Qhh5+ Kg3 45. Qff3# 1-0

[Event "*** SCC Grand Prix: Titled Tuesday Blitz"]
[Site "Chess.com"]
[Date "2020.07.07"]
[Round "4"]
[White "Shushik"]
[Black "Tsyhanchuk_Stanislav"]
[Result "0-1"]
[WhiteElo "2203"]
[BlackElo "2412"]
[TimeControl "180+1"]
[EndTime "10:40:38 PDT"]
[Termination "Tsyhanchuk_Stanislav won by resignation"]

1. e4 c5 2. Nf3 Nc6 3. d4 cxd4 4.
Nxd4 Qb6 5. Nb3 Nf6 6. Nc3 e6 7. Be3 Qc7 8. f3 Bb4 9. a3 Bxc3+ 10. bxc3 d5 11. Bd3 Ne5 12. O-O Qxc3 13. Bd4 Qc7 14. Bxe5 Qxe5 15. f4 Qc7 16. e5 Ne4 17. Qf3 f5 18.
exf6 Nxf6 19. Rae1 O-O 20. Re5 Bd7 21. Qg3 Rae8 22. Nd4 Qc5 23. c3 Kh8 24. Rg5 Rf7 25.
Kh1 Qxc3 26. Ne2 Qxa3 27. Nd4 Qc5 28. Nf3 Bb5 29. Ne5 Rfe7 30. Bxb5 Qxb5 31. Rg1 Ne4 32. Qh4 Qe2 33. Ng6+ Kg8 34. Nxe7+ Rxe7 35. Rxg7+ Rxg7 36. Qd8+ Kf7 37. Qd7+ Kf6 38. Qd8+ Kg6 39. Qe8+ Kh6 40. Qxe6+ Rg6 41. Qh3+ Kg7 42. Qd7+ Kg8 43. Qe8+ Kg7 44. Qe7+ Kh6 45. Qh4+ Qh5 46. Qe1 Ng3+ 0-1

[Event "*** SCC Grand Prix: Titled Tuesday Blitz"]
[Site "Chess.com"]
[Date "2020.07.07"]
[Round "4"]
[White "PIwan"]
[Black "KaterynaLagno"]
[Result "0-1"]
[WhiteElo "2521"]
[BlackElo "2769"]
[TimeControl "180+1"]
[EndTime "10:40:39 PDT"]
[Termination "KaterynaLagno won on time"]

1. c4 g6 2. d4 Nf6 3. f3 Bg7 4. e4 d6 5. Nc3 O-O 6. Bg5 c5 7.
d5 h6 8. Be3 e6 9. Qd2 exd5 10.
cxd5 Re8 11. Nge2 h5 12. Nf4 Nbd7 13. Be2 Ne5 14. O-O a6 15. a4 Nh7 16. Rad1 Bd7 17.
b3 Rb8 18. Nd3 b5 19. Nxe5 Bxe5 20. axb5 axb5 21. f4 Bxc3 22. Qxc3 Rxe4 23. Bf3 b4 24. Qd2 Re8 25. f5 Bxf5 26. Bxh5 Nf6 27. Bf3 c4 28. bxc4 b3 29. Bd4 Nd7 30. g4 Bc2 31. Rde1 Rxe1 32. Rxe1 Qh4 33. Bc3 Ne5 34. Bxe5 dxe5 35.
Rf1 e4 36. Qf4 Qd8 37. Bxe4 Bxe4 38. Qxe4 Qb6+ 39. Kh1 b2 40. Rb1 Qf2 41. d6 Qd2 42. c5 Rb3 43. c6 Qxd6 44. Qc2 Qd5+ 45. Kg1 Qd4+ 46. Kh1 Rc3 47. Qxb2 Qe4+ 48. Qg2 Qxb1+ 49. Qg1 Rc1 0-1

[Event "*** SCC Grand Prix: Titled Tuesday Blitz"]
[Site "Chess.com"]
[Date "2020.07.07"]
[Round "4"]
[White "RitvarsReimanis"]
[Black "jaskol95"]
[Result "1/2-1/2"]
[WhiteElo "2564"]
[BlackElo "2391"]
[TimeControl "180+1"]
[EndTime "10:40:39 PDT"]
[Termination "Game drawn - timeout vs insufficient material"]

1. d4 Nf6 2. c4 g6 3. Nf3 Bg7 4. Nc3 d5 5. cxd5 Nxd5 6. e4 Nxc3 7. bxc3 c5 8. Be3 O-O 9. Qd2 Nc6 10. Rc1 Qa5 11.
d5 Ne5 12. Nxe5 Bxe5 13. f4 Bg7 14. Be2 Bd7 15. O-O e6 16. c4 Qxd2 17. Bxd2 exd5 18. cxd5 b5 19. e5 c4 20. Ba5 h5 21. h3 h4 22. Be1 g5 23. Bf3 gxf4 24. e6 fxe6 25. dxe6 Bd4+ 26. Kh1 Bxe6 27. Bxa8 Rxa8 28. Rd1 Be3 29. Bf2 c3 30. Bxe3 fxe3 31. Rc1 e2 32. Rfe1 Bc4 33. Rxc3 Rf8 34. Kh2 Rf1 35. Rxc4 Rxe1 36.
Re4 a5 37. g3 b4 38. Kg2 hxg3 39. Kxg3 Rg1+ 40. Kf2 e1=Q+ 41. Rxe1 Rxe1 42. Kxe1 Kf7 43. Kd2 a4 44. Kd3 Ke6 45. Kc4 b3 46. axb3 axb3 47.
Kxb3 Kf5 48. Kc3 Kg5 1/2-1/2

[Event "*** SCC Grand Prix: Titled Tuesday Blitz"]
[Site "Chess.com"]
[Date "2020.07.07"]
[Round "4"]
[White "attack2mateU"]
[Black "Korona_91"]
[Result "1-0"]
[WhiteElo "2630"]
[BlackElo "2462"]
[TimeControl "180+1"]
[EndTime "10:40:40 PDT"]
[Termination "attack2mateU won by checkmate"]

1. e4 e6 2. d4 d5 3. Nc3 Bb4 4. e5 c5 5. a3 Bxc3+ 6. bxc3 Qa5 7. Bd2 Qa4 8. Qg4 Kf8 9. h4 Nc6 10. h5 h6 11. Qd1 b6 12. Rh4 Ba6 13. Nf3 Bxf1 14. Kxf1 Qa6+ 15. Kg1 Nge7 16. Rf4 Ke8 17. dxc5 bxc5 18. Be3 Qa5 19. Rb1 Qxc3 20. Rb5 d4 21.
Bd2 Qc4 22. Qb1 Nd5 23. Rg4 Kf8 24. Rb7 Re8 25. c3 Nxc3 26. Bxc3 Qxc3 27. Rxg7 Ne7 28. Rxf7+ Kxf7 29. Qg6+ Kf8 30. Qf6+ Kg8 31. Qxe6+ Kf8 32. Qf6+ Kg8 33. Rxe7 Rxe7 34. Qxe7 Qc1+ 35. Kh2 Qf4+ 36. Kh1 Qc1+ 37. Ng1 Qg5 38. Qxc5 Qxh5+ 39. Nh3 d3 40.
Qc8+ Kg7 41. Qd7+ Qf7 42. Qxd3 Re8 43. f4 Rc8 44. Kh2 Qe6 45. Qe4 Qg4 46. e6 Qg6 47. f5 Qf6 48. Qg4+ Kh8 49. Nf4 Rg8 50. Ng6+ Kh7 51.
Qe4 Qg5 52. e7 Qh5+ 53. Kg3 Qg4+ 54. Kxg4 Re8 55. Qe6 h5+ 56. Kg5 Kg7 57. f6+ Kh7 58. Qf7# 1-0

[Event "*** SCC Grand Prix: Titled Tuesday Blitz"]
[Site "Chess.com"]
[Date "2020.07.07"]
[Round "4"]
[White "nocnypako"]
[Black "coalescenet"]
[Result "1-0"]
[WhiteElo "2586"]
[BlackElo "2389"]
[TimeControl "180+1"]
[EndTime "10:40:40 PDT"]
[Termination "nocnypako won by resignation"]

1. d4 d5 2. c4 e6 3. Nc3 Be7 4.
cxd5 exd5 5. Bf4 c6 6. e3 Nf6 7. Bd3 O-O 8. Nf3 Bg4 9. h3 Bh5 10. Qc2 Re8 11. Ne5 Bd6 12. g4 Bg6 13. Bxg6 hxg6 14.
O-O-O Qc7 15. Rdg1 Nbd7 16. Nxd7 Qxd7 17. Bxd6 Qxd6 18.
Kb1 Ne4 19. Nxe4 dxe4 20. h4 a5 21. g5 a4 22. h5 gxh5 23. Rxh5 a3 24. Rgh1 Kf8 25.
Rh8+ Ke7 26. Qxe4+ Kd7 27. Qf5+ Qe6 28. Qxe6+ Kxe6 29.
Rxe8+ Rxe8 30. bxa3 Kf5 31. Rg1 Ke4 32. Rg4+ Kd3 33. Rf4 Kc3 34. e4 Kxd4 35. Rxf7 Rxe4 36. Rxb7 g6 37. Rf7 Kc3 38. Rf3+ Kd2 39. Kb2 Rg4 40.
Rf6 Rxg5 41. Rd6+ Ke2 42. Rxc6 Kxf2 43. a4 Ke3 44. Kc3 Rg1 45. Re6+ Kf4 46. a5 g5 47. a6 Rc1+ 48. Kb4 Rc8 49. Kb5 Kf5 50. Re1 Rb8+ 51.
Kc6 Rb2 52. Ra1 g4 53. a7 Rc2+ 54. Kd7 Rd2+ 55. Ke7 Re2+ 56. Kf7 Rh2 57. a8=Q Rh7+ 58. Kg8 Rh8+ 1-0

[Event "*** SCC Grand Prix: Titled Tuesday Blitz"]
[Site "Chess.com"]
[Date "2020.07.07"]
[Round "4"]
[White "aljado"]
[Black "malandragem"]
[Result "0-1"]
[WhiteElo "2107"]
[BlackElo "2388"]
[TimeControl "180+1"]
[EndTime "10:40:42 PDT"]
[Termination "malandragem won on time"]

1. e4 c5 2. Nf3 d6 3. c3 Nf6 4. Bc4 e6 5. Qe2 Be7 6. d4 cxd4 7. cxd4 d5 8. exd5 Nxd5 9. O-O O-O 10. Nc3 Bf6 11. Re1 Nc6 12. a3 b6 13. Ne4 Bb7 14.
Nxf6+ Qxf6 15. Bg5 Nxd4 16. Bxf6 Nxe2+ 17. Rxe2 Nxf6 18. Ne5 Rfd8 19. Rc1 Bd5 20. Bb5 Rac8 21. Rec2 Rxc2 22. Rxc2 Bb7 23. Be2 Ne8 24. h3 f6 25. Nd3 e5 26.
Nb4 Nd6 27. Nc6 Bxc6 28. Rxc6 Rd7 29. Kh2 Kf8 30. Kg3 Ke7 31. b4 g6 32. Kf3 f5 33.
h4 h6 34. g4 f4 35. Bd3 g5 36.
h5 e4+ 37. Bxe4 Nxe4 38. Kxe4 Rd2 39. Rxh6 Rxf2 40. Rh7+ Kf6 41. Rxa7 Re2+ 42. Kf3 Re3+ 43. Kf2 Rg3 44. h6 Rxg4 45. h7 Rh4 46. Rb7 g4 47.
Rxb6+ Kf5 0-1

[Event "*** SCC Grand Prix: Titled Tuesday Blitz"]
[Site "Chess.com"]
[Date "2020.07.07"]
[Round "4"]
[White "Ati1517"]
[Black "MoreChessJulia"]
[Result "1-0"]
[WhiteElo "2369"]
[BlackElo "1827"]
[TimeControl "180+1"]
[EndTime "10:40:42 PDT"]
[Termination "Ati1517 won by resignation"]

1. d4 g6 2. c4 Bg7 3. Nf3 c5 4. d5 d6 5. Nc3 Bg4 6. e4 Nd7 7. Bf4 Ngf6 8. h3 Bxf3 9. Qxf3 O-O 10. Qe3 Ne5 11. Bxe5 dxe5 12. Qxc5 Ne8 13. Be2 f5 14. O-O Nd6 15. exf5 gxf5 16. Rfe1 b6 17. Qe3 Rc8 18. b3 Qe8 19. Rad1 Qg6 20. f3 e4 21.
f4 b5 22. c5 b4 23. Nb5 Nxb5 24. Bxb5 Rfd8 25. c6 a5 26. Re2 Qd6 27. Rc2 Bh6 28.
g3 Kh8 29. Qd4+ Bg7 30. Qf2 Rg8 31. Kh2 Bh6 32. Qc5 Bxf4 33. Qxd6 Bxd6 34. Rg2 h5 35. Rf1 h4 36. Rxf5 hxg3+ 37. Kg1 Rcf8 38. Rxf8 Rxf8 39. Re2 e3 40. Kg2 Rf2+ 41. Rxf2 gxf2 42. Kf3 Bc7 43. Kxe3 Bb6+ 44. Ke4 Kg7 45. Ke5 Kf7 46. d6 exd6+ 47.
Kxd6 1-0

[Event "*** SCC Grand Prix: Titled Tuesday Blitz"]
[Site "Chess.com"]
[Date "2020.07.07"]
[Round "4"]
[White "eljanov"]
[Black "SerGo055"]
[Result "1-0"]
[WhiteElo "2875"]
[BlackElo "2552"]
[TimeControl "180+1"]
[EndTime "10:40:43 PDT"]
[Termination "eljanov won on time"]

1. e4 d5 2. exd5 Qxd5 3. Nc3 Qd8 4. d4 Nf6 5. Nf3 c6 6. Bc4 Bf5 7. Qe2 e6 8. Bd2 Nbd7 9. O-O-O b5 10. Bd3 Bg6 11. Ne5 b4 12. Ne4 Nxe5 13. dxe5 Nxe4 14.
Bxe4 Bxe4 15. Qxe4 Qd5 16. Rhe1 Rc8 17. b3 Qxe4 18.
Rxe4 a5 19. Be3 Be7 20. Bb6 Ra8 21. Rc4 O-O 22. Rxc6 Ra6 23. Rd7 Bg5+ 24. Kd1 a4 25. Ra7 Rxa7 26. Bxa7 axb3 27. axb3 Ra8 28. Bc5 h5 29.
Bxb4 Ra1+ 30. Ke2 Rg1 31. g3 h4 32. gxh4 Bxh4 33. Bc5 Kh7 34. b4 Rb1 35. c4 Rb2+ 36. Kf3 Kg6 37. b5 Kf5 38. Rc7 Kxe5 39. Rxf7 Rb3+ 40.
Be3 Bf6 41. b6 Kd6 42. c5+ Kc6 43. Rc7+ Kd5 44. b7 Be5 45. Rd7+ Kc6 46. Re7 Rxb7 47. Rxe6+ Kd5 48. Rg6 Rb3 49. h4 Rb4 50. Rg4 Rb3 51.
h5 Rb1 52. Rg5 1-0

[Event "*** SCC Grand Prix: Titled Tuesday Blitz"]
[Site "Chess.com"]
[Date "2020.07.07"]
[Round "4"]
[White "Shuvalov"]
[Black "bascheyaro"]
[Result "0-1"]
[WhiteElo "2514"]
[BlackElo "2698"]
[TimeControl "180+1"]
[EndTime "10:40:43 PDT"]
[Termination "bascheyaro won by resignation"]

1. Nf3 d5 2. c4 c6 3. g3 Nf6 4.
Bg2 Bf5 5. cxd5 cxd5 6. Qb3 Qc8 7. Nc3 e6 8. d3 Nc6 9. Bf4 Be7 10. O-O O-O 11. Rac1 Qd7 12. e4 dxe4 13. dxe4 Nxe4 14. Nxe4 Bxe4 15. Ne5 Nxe5 16. Bxe4 Nc6 17. Rfd1 Qc8 18.
Qc2 g6 19. Bxc6 bxc6 20. Qxc6 Qxc6 21. Rxc6 Bf6 22. b4 a6 23. Rdd6 Be7 24. Rd7 Bxb4 25. Rcc7 Rad8 26. Rxd8 Rxd8 27. Ra7 a5 28. Bh6 e5 29. a4 e4 30. Kf1 Rd1+ 31. Kg2 Rd8 32. Kf1 Bc3 33. Ke2 Bg7 34. Bxg7 Kxg7 35. Rxa5 Rd4 36. Ke3 Rb4 37. g4 h6 38. h4 Rc4 39.
Kf4 Rb4 40. Ra7 e3+ 41. Kxe3 Rxg4 42. a5 Rxh4 43. a6 Ra4 44. Ra8 h5 45. a7 h4 46.
Kf3 f5 47. Kg2 g5 48. Kh2 Ra3 49. Kg2 g4 50. Kh2 h3 51. Kg1 Ra2 52. Kh1 f4 53.
Kg1 g3 54. fxg3 fxg3 55. Kf1 h2 56. Rh8 Kxh8 57. a8=Q+ Rxa8 58. Kg2 Ra1 59. Kxg3 h1=Q 0-1

[Event "*** SCC Grand Prix: Titled Tuesday Blitz"]
[Site "Chess.com"]
[Date "2020.07.07"]
[Round "4"]
[White "Azatic"]
[Black "ZiggyStardust64"]
[Result "0-1"]
[WhiteElo "2496"]
[BlackElo "2675"]
[TimeControl "180+1"]
[EndTime "10:40:43 PDT"]
[Termination "ZiggyStardust64 won by resignation"]

1. e4 c6 2. d4 d5 3. e5 c5 4. dxc5 e6 5. Nf3 Bxc5 6. Bd3 Ne7 7.
Qe2 Ng6 8. h4 f6 9. h5 Nxe5 10.
Nxe5 fxe5 11. Qxe5 Qf6 12. Qxf6 gxf6 13. Nc3 Nc6 14.
Be3 d4 15. Ne4 Be7 16. Bd2 f5 17. Ng3 Ne5 18. O-O Nxd3 19. cxd3 Bd7 20. Rfe1 Kf7 21. Bf4 Rhg8 22. Rac1 Bc6 23. f3 Bg5 24. Ne2 Bf6 25. Kh2 e5 26. Bg3 f4 27. Bf2 Rg5 28.
g4 Bxf3 29. Rc7+ Kg8 30. Nxf4 exf4 31. Re6 Bg7 32. h6 Bh8 33. Ree7 Rxg4 34. Kh3 Rg6 35. Rxh7 Rd8 36. Rxh8+ Kxh8 37. h7 Bg4+ 38. Kh2 Bf5 39. Bh4 Rh6 40. Kg2 Rxh4 41. Kf3 Rxh7 42. Rc5 Rf7 43.
Kxf4 Be6+ 44. Ke5 Bxa2 45. Rc2 Re8+ 46. Kxd4 Bb3 47. Rh2+ Rh7 48. Rg2 Rd8+ 49. Kc3 Bd5 50. d4 Bxg2 0-1

[Event "*** SCC Grand Prix: Titled Tuesday Blitz"]
[Site "Chess.com"]
[Date "2020.07.07"]
[Round "4"]
[White "enzovsky"]
[Black "PetrolulSah"]
[Result "1-0"]
[WhiteElo "2459"]
[BlackElo "2173"]
[TimeControl "180+1"]
[EndTime "10:40:44 PDT"]
[Termination "enzovsky won on time"]

1. e4 e5 2. Nf3 Nf6 3. Nxe5 d6 4.
Nf3 Nxe4 5. Nc3 Nxc3 6. dxc3 Nc6 7. Be3 Be6 8. Qd2 Be7 9. O-O-O Qd7 10. Kb1 O-O-O 11.
h4 Kb8 12. Ng5 a6 13. g3 Bf6 14. Bg2 h6 15. Nxe6 fxe6 16. f4 e5 17. fxe5 Nxe5 18. Qd4 Nc6 19. Qd5 Rhe8 20. Bh3 Qe7 21. Rhe1 Qf8 22. Bg2 Qg8 23. Qh5 Qc4 24. Ba7+ Kxa7 25.
Rxe8 g6 26. Qe2 Qxe2 27. Rxe2 Ne5 28. a3 g5 29. Rf1 Be7 30. h5 b5 31. Bd5 Kb6 32. b4 a5 33. Kb2 a4 34. c4 c6 35. c5+ Kc7 36. cxd6+ Bxd6 37. Ba2 Kb6 38. Bb1 Nc4+ 39. Ka2 Bc7 40. Rf6 Be5 41. Rxh6 Rd4 42.
c3 Rg4 43. Be4 Rxg3 44. Rxc6+ Ka7 45. Bd5 Rxc3 46. Rxc4 bxc4 47. Rxe5 Rc2+ 48. Kb1 Rd2 49. Bxc4 Rd4 50. Bf7 g4 51. h6 g3 52. h7 Rh4 53. Bg6 g2 54. Rg5 Rh1+ 55. Kc2 Rh2 56. Kc3 Kb6 57. Rxg2 1-0

[Event "*** SCC Grand Prix: Titled Tuesday Blitz"]
[Site "Chess.com"]
[Date "2020.07.07"]
[Round "4"]
[White "boasovietica"]
[Black "UKR_Master"]
[Result "1-0"]
[WhiteElo "2457"]
[BlackElo "2290"]
[TimeControl "180+1"]
[EndTime "10:40:44 PDT"]
[Termination "boasovietica won by resignation"]

1. e4 c5 2. Nf3 d6 3. d4 cxd4 4. Nxd4 e5 5. Nf3 Nf6 6. Nc3 h6 7. Nd2 Be6 8. Nc4 Nxe4 9. Nxe4 d5 10. Nxe5 Qa5+ 11. Bd2 Qc7 12. Bb5+ Nc6 13. Nxc6 bxc6 14. Ba4 dxe4 15. Qe2 Bf5 16. Qc4 Rc8 17. O-O-O Be7 18. Bc3 O-O 19. g4 Bh7 20. Kb1 Qf4 21. h4 Bf6 22. g5 Bxc3 23. Qxc3 h5 24. Bb3 Bg6 25. Qc5 Rfd8 26. Rxd8+ Rxd8 27. Qxc6 Qf3 28. Rc1 Qf5 29.
a3 Kh7 30. Qc7 Re8 31. Qg3 Qb5 32. Qe3 a5 33. a4 Qb4 34. Rd1 Rb8 35. Rd4 Qe7 36.
Bd5 Qe5 37. Bxe4 Qc7 38. Bxg6+ fxg6 39. b3 Qh2 40. Qd3 Qg1+ 41. Kb2 Qxf2 42. Rd6 Rb6 43. Rxb6 Qxb6 44. Qc3 Qf2 45. Qc4 Qf7 46. Qxf7 1-0

[Event "*** SCC Grand Prix: Titled Tuesday Blitz"]
[Site "Chess.com"]
[Date "2020.07.07"]
[Round "4"]
[White "Larina_Marija"]
[Black "Nara_Kh"]
[Result "1-0"]
[WhiteElo "2106"]
[BlackElo "2286"]
[TimeControl "180+1"]
[EndTime "10:40:44 PDT"]
[Termination "Larina_Marija won by checkmate"]

1. e4 c5 2. Nc3 d6 3. g3 g6 4. Bg2 Nc6 5. Nge2 Bg7 6. O-O e5 7. d3 Nge7 8. Nd5 O-O 9. f4 Bg4 10. h3 Be6 11. Nxe7+ Nxe7 12. g4 exf4 13. Nxf4 Qd7 14. Nxe6 Qxe6 15. c3 Nc6 16. Bg5 Rac8 17.
Qd2 Rfe8 18. Rf2 b5 19. Bh6 Bh8 20. a3 a5 21. Raf1 Rc7 22. Bg5 b4 23. axb4 axb4 24. Bf6 Bxf6 25. Rxf6 Qe5 26. Qf4 Qxf4 27. R1xf4 bxc3 28. bxc3 Rb8 29. Rxd6 Rb3 30. Rff6 Ne5 31. Rd5 Kg7 32.
Rfd6 f6 33. g5 Nf7 34. gxf6+ Kh6 35. Rd7 Rxd7 36. Rxd7 Ne5 37. Re7 Nc6 38. Rc7 Ne5 39.
Rxc5 Rb1+ 40. Kh2 Rb2 41. Rxe5 Rf2 42. Re6 g5 43. e5 Kg6 44. Re7 h5 45. Rg7+ Kh6 46.
Rg8 g4 47. hxg4 hxg4 48. Kg3 Rf5 49. d4 Rh5 50. Rxg4 Rh3+ 51. Kxh3 Kh7 52. f7 Kh6 53.
f8=Q+ Kh5 54. Qh8# 1-0

[Event "*** SCC Grand Prix: Titled Tuesday Blitz"]
[Site "Chess.com"]
[Date "2020.07.07"]
[Round "4"]
[White "margarita_2703"]
[Black "Margarita2907"]
[Result "1-0"]
[WhiteElo "2386"]
[BlackElo "2094"]
[TimeControl "180+1"]
[EndTime "10:40:45 PDT"]
[Termination "margarita_2703 won on time"]

1. Nf3 d5 2. d4 Nf6 3. c4 e6 4. Nc3 Nbd7 5. e3 Be7 6. Bd3 dxc4 7.
Bxc4 O-O 8. O-O a6 9. Bd3 c5 10. b3 b5 11. Bb2 Bb7 12. Qe2 Rc8 13. Rfd1 Qb6 14. Rac1 cxd4 15. exd4 Nd5 16. Nxd5 Bxd5 17. Ne5 Nf6 18. Qe3 Bb7 19. h3 Rfd8 20. Qf4 Bd6 21. Rxc8 Rxc8 22. Qh4 h6 23. Bc1 Qd8 24. Ng4 Nxg4 25.
Qxd8+ Rxd8 26. hxg4 Be7 27. Be3 Bf6 28. a4 bxa4 29.
bxa4 Kf8 30. a5 Bxd4 31. Bxa6 Bxa6 32. Rxd4 Rxd4 33. Bxd4 Be2 34. f3 g6 35. Kf2 Ba6 36. Bf6 Ke8 37. Ke3 Kd7 38. g3 Kd6 39. f4 Kd5 40. f5 exf5 41. gxf5 gxf5 42. Kf4 Ke6 43. Bg7 h5 44. Bc3 Be2 45. Ke3 Bg4 46. a6 Bh3 47. Kf2 1-0

[Event "*** SCC Grand Prix: Titled Tuesday Blitz"]
[Site "Chess.com"]
[Date "2020.07.07"]
[Round "4"]
[White "Yoshikrov"]
[Black "AlexSuv"]
[Result "0-1"]
[WhiteElo "2083"]
[BlackElo "2577"]
[TimeControl "180+1"]
[EndTime "10:40:46 PDT"]
[Termination "AlexSuv won by resignation"]

1. e4 c5 2. Nf3 e6 3. d4 d5 4. exd5 exd5 5. Bb5+ Nc6 6. O-O Nf6 7. Re1+ Be7 8. Ne5 Bd7 9. Nxd7 Qxd7 10. dxc5 O-O 11. Bg5 h6 12. Bh4 Rad8 13. Nd2 Rfe8 14. Nf3 Ne4 15. Bxe7 Qxe7 16. Bxc6 bxc6 17. c3 Qxc5 18. Qd4 Qb5 19. b4 Qa4 20. Re2 Qa3 21. Rae1 Re6 22. Nd2 Qxc3 23. Qxc3 Nxc3 24. Rxe6 fxe6 25. Nf3 Nxa2 26.
Rxe6 Nxb4 27. h3 a5 28. Re7 d4 29. Ra7 d3 30. Nd2 Rd5 31. f3 Nc2 32. Kf2 Kh7 33.
f4 Rd4 34. Kf3 a4 35. Ra5 a3 36. g4 Rb4 37. Ra6 Rb2 38. Nc4 Rb1 39. Nxa3 Ra1 40.
Rxc6 Rxa3 41. Rd6 d2+ 42. Ke2 Rxh3 43. Kxd2 Ne3 44. Rd3 Nc4+ 45. Ke2 Rxd3 46. Kxd3 Nd6 47. Ke3 Kg6 48. Kf3 h5 49. Kg3 hxg4 50. Kxg4 Nf5 51.
Kf3 Kh5 52. Ke4 Kg4 53. Ke5 Nh6 54. Ke4 Nf7 55. Ke3 Nd6 56. Kf2 Kxf4 0-1

[Event "*** SCC Grand Prix: Titled Tuesday Blitz"]
[Site "Chess.com"]
[Date "2020.07.07"]
[Round "4"]
[White "Zhani-Z"]
[Black "barbara25"]
[Result "0-1"]
[WhiteElo "2443"]
[BlackElo "2317"]
[TimeControl "180+1"]
[EndTime "10:40:46 PDT"]
[Termination "barbara25 won on time"]

1. e4 c5 2. Nf3 d6 3. Bb5+ Nd7 4. O-O Nf6 5. Re1 e5 6. c3 Be7 7. d4 cxd4 8. cxd4 O-O 9. Nc3 a6 10. Bf1 b5 11. a3 Bb7 12. Bg5 Rc8 13. Qd2 h6 14. Bh4 Re8 15. Rad1 Nh5 16. Bxe7 Qxe7 17. dxe5 Nxe5 18. Nxe5 dxe5 19. Qd6 Nf4 20. g3 Ng6 21.
Qxe7 Nxe7 22. a4 b4 23. Na2 a5 24. Nc1 Red8 25. Nb3 Rxd1 26. Rxd1 Bxe4 27. Nxa5 Bc2 28. Rd7 Kf8 29. b3 g6 30. Bc4 Ra8 31. Nb7 f5 32. Nd6 e4 33. Rb7 Rd8 34. Rb6 Bd1 35. a5 Bf3 36. a6 Nc8 37. Nxc8 Rd1+ 38. Bf1 Be2 39. f4 Rxf1+ 40. Kg2 Ra1 41. a7 g5 42. Rb8 Bf3+ 43.
Kf2 g4 44. Ke3 Re1+ 45. Kd4 e3 46. a8=Q Bxa8 47. Rxa8 e2 0-1

[Event "*** SCC Grand Prix: Titled Tuesday Blitz"]
[Site "Chess.com"]
[Date "2020.07.07"]
[Round "4"]
[White "Gerodot71"]
[Black "m-garcett"]
[Result "1-0"]
[WhiteElo "2378"]
[BlackElo "2071"]
[TimeControl "180+1"]
[EndTime "10:40:46 PDT"]
[Termination "Gerodot71 won on time"]

1. d4 Nf6 2. c4 g6 3. Nc3 Bg7 4.
e4 d6 5. Be2 O-O 6. Be3 a6 7.
h3 e5 8. d5 c6 9. Nf3 Nh5 10.
g3 cxd5 11. cxd5 b5 12. Nd2 f5 13. Bxh5 gxh5 14. exf5 Bxf5 15. Nce4 Qa5 16. O-O Bxh3 17.
Qxh5 Bxf1 18. Rxf1 Nd7 19. Bh6 Bxh6 20. Qxh6 Qd8 21.
Qxd6 Nf6 22. Qe6+ Kh8 23. d6 Qe8 24. Qh3 Nxe4 25. Nxe4 Rd8 26. Rd1 Qg6 27. Qg2 Rf7 28. Rd2 Rfd7 29. Qf3 Qh6 30. Rd1 Qg6 31. Kg2 Qh6 32.
Rh1 Qg6 33. Qe3 Rxd6 34. Nxd6 Qxd6 35. Qe4 Qd5 36. Rxh7+ Kg8 37. Qxd5+ Rxd5 38. Rh6 Rd2 39. Rxa6 Rxb2 40. Kf3 Kf7 41. Ke3 Ke7 42. g4 b4 43.
f3 Kf7 44. Ke4 Re2+ 45. Kf5 e4 46. fxe4 Rf2+ 47. Ke5 Rg2 48. Kf4 Rg3 49. Kxg3 1-0

[Event "*** SCC Grand Prix: Titled Tuesday Blitz"]
[Site "Chess.com"]
[Date "2020.07.07"]
[Round "4"]
[White "Duhless"]
[Black "swimmerchess"]
[Result "0-1"]
[WhiteElo "3057"]
[BlackElo "2819"]
[TimeControl "180+1"]
[EndTime "10:40:47 PDT"]
[Termination "swimmerchess won on time"]

1. c4 Nf6 2. Nc3 g6 3. e4 d6 4.
d4 Bg7 5. Nf3 O-O 6. Be2 e5 7.
O-O Nc6 8. d5 Ne7 9. b4 Nh5 10.
c5 f5 11. Ng5 Nf6 12. cxd6 cxd6 13. b5 h6 14. Ne6 Bxe6 15. dxe6 Rc8 16. Qb3 fxe4 17.
Rd1 Kh7 18. g4 d5 19. g5 hxg5 20. Bxg5 Qb6 21. Kh1 d4 22. Nxe4 Nxe4 23. Bxe7 Rxf2 24. Qh3+ Kg8 25. Bd3 Rcc2 26. Bxe4 Rxh2+ 27. Qxh2 Rxh2+ 28. Kxh2 Qxe6 29. Bb4 Bh6 30. Rf1 Qg4 31. Bd5+ Kh8 32. Rf3 Bf4+ 33. Rxf4 Qxf4+ 34. Kg2 e4 35. Bb3 Qf3+ 36.
Kh2 e3 37. Rc1 e2 38. Rc8+ Kh7 39. Rc7+ Kh6 40. Bd2+ g5 41. Re7 Qf2+ 42. Kh1 d3 43. Re6+ Kh5 44. Re8 Qf1+ 45. Kh2 Qf2+ 46. Kh1 Kh4 47.
Rh8+ Kg3 0-1